 Adventure DCSS version bcrawl-1.27.3 (webtiles) character file.

Game seed: 9536626213078168385

357887 dobroeutro the Basher (level 12, -1/79 HPs)
             Began as a Gargoyle Fighter on Aug 23, 2020.
             Was the Champion of Okawaru.
             Slain by a seven-headed hydra (3 damage)
             ... on level 12 of the Dungeon.
             The game lasted 00:20:34 (13837 turns).

dobroeutro the Basher (Gargoyle Fighter)           Turns: 13837, Time: 00:20:35

Health: -1/79      AC: 25    Str: 22    XL:     12   Next: 49%
Magic:  12/12      EV: 13    Int:  9    God:    Okawaru [******]
Gold:   875        SH: 11    Dex: 12    Spells: 11/11 levels left
                                        Lives:  0   Deaths: 2

rFire    + . .     SeeInvis .   b - +1 whip (flame)
rCold    + . .     Gourm    .   c - +0 medium shield
rNeg     + . .     Faith    .   j - +2 scale mail {rF+}
rPois    ∞         Spirit   .   (no helmet)
rElec    +         Reflect  .   q - scarf {stasis}
rCorr    .         Harm     .   k - +1 pair of gloves
MR       .....                  g - +2 pair of boots
Stlth    +.........             D - amulet of regeneration
HPRegen  0.59/turn              n - +2 ring of evasion
MPRegen  0.13/turn              A - ring of protection from cold

@: no status effects
A: thin skeletal structure 1, dopey 1, negative energy resistance 1, electricity
resistance, unbreathing, petrification resistance, rot immunity, sturdy frame 1,
AC +8
a: Heroism, Finesse, Renounce Religion


You were on level 12 of the Dungeon.
You worshipped Okawaru.
Okawaru was exalted by your worship.
You were not hungry.

You visited 1 branch of the dungeon, and saw 12 of its levels.

You collected 875 gold pieces.

Inventory:

Hand Weapons
 a - a +0 flail
 b - a +1 whip of flaming (weapon)
 r - the +0 shortbow of the Wary Princes {seek, Str+2 Dex+3, unknown}
   (Okawaru gifted it to you on level 10 of the Dungeon)

   Its attacks will magically seek out their targets, allowing even novice users
   to hit as often as a master.
   It affects your strength (+2).
   It affects your dexterity (+3).
 t - the +0 whip of the Enchanted Forest {slash, MP+9 Str+4}
   (You found it on level 5 of the Dungeon)

   It will always inflict at least some extra damage.
   This minimum extra damage increases with your current reserve of magical
   power.
   It affects your strength (+4).
   It affects your magic capacity (+9).
 z - the +2 fustibalus "Spiderbane" {freeze, MR+ Int+4, unknown}
   (Okawaru gifted it to you on level 10 of the Dungeon)

   It causes projectiles fired from it to freeze those they strike, increasing
   damage dealt by approximately one third against foes not resistant or
   susceptible to cold, and potentially slowing cold-blooded foes.
   It affects your intelligence (+4).
   It affects your resistance to hostile enchantments.
 I - the +7 falchion "Vuleblep" {venom, SInv, unknown}
   (You found it on level 10 of the Dungeon)

   It poisons the flesh of those it strikes.
   It lets you see invisible.
Missiles
 K - a throwing net {=f}
Armour
 c - a +0 medium shield (worn)
 g - a +2 pair of boots (worn)
 j - a +2 scale mail of fire resistance (worn)
 k - a +1 pair of gloves (worn)
 q - a scarf of stasis (worn)
Jewellery
 n - a +2 ring of evasion (left hand)
 s - a cursed ring of fire
 A - a ring of protection from cold (right hand)
 D - an amulet of regeneration (around neck)
 H - an uncursed ring of protection from cold
Wands
 o - a wand of iceblast (12)
 u - a wand of clouds (3)
 x - a wand of polymorph (13)
 y - a wand of flame (17)
 F - a wand of acid (5)
 J - a wand of paralysis (3)
 M - a wand of random effects (9)
Scrolls
 d - 8 scrolls of remove curse
 f - a scroll of fear
 h - a scroll of magic mapping
 i - 10 scrolls of identify
 l - 4 scrolls of enchant weapon
 m - 4 scrolls of teleportation
 w - 2 scrolls of immolation
 G - 2 scrolls of enchant armour
Potions
 p - 5 potions of lignification
 v - 3 potions of curing
 B - a potion of mutation
 C - 2 potions of ambrosia
 E - 2 potions of degeneration {unknown}
 L - a potion of flight
Miscellaneous
 N - a phantom mirror
Comestibles
 e - 29 rations {!d}
 O - a chunk of flesh


   Skills:
 + Level 10.6 Fighting
 + Level 13.2 Maces & Flails
 + Level 10.5 Armour
 + Level 7.7 Dodging
 - Level 6.8 Shields


You had 11 spell levels left.
You didn't know any spells.
Your spell library was empty.

Dungeon Overview and Level Annotations

Branches:
Dungeon (12/12)            Temple (0/1) D:7            Lair (0/6) D:8
    Orc (0/1) D:9
 Vaults: D:11-12     Depths: D:12

Altars:
Elyvilon
Gozag
Hepliaklqana
Kikubaaqudgha
Lugonu
Makhleb
Okawaru
Qazlal
Sif Muna
Trog
Vehumet
Yredelemnul
Zin
The Shining One

Shops:
D:4 :   D:6 *   D:10 [


Innate Abilities, Weirdness & Mutations

You are resistant to torment.
Your stone body is resilient. (AC +8)
You are immune to poison.
You resist negative energy. (rN+)
You are resistant to electric shocks. (rElec)
You can survive without breathing.
You are immune to petrification.
You are immune to rotting.
You have a somewhat thin skeletal structure. (Dex +2, Stealth)
You are dopey. (Int -2)
Your movements are slightly less encumbered by armour. (ER -2)


Message History

The seven-headed hydra bites you!
* * * LOW HITPOINT WARNING * * *
The seven-headed hydra closely misses you.
The seven-headed hydra bites you but does no damage.
You block the seven-headed hydra's attack.
The seven-headed hydra bites you but does no damage.
You barely miss the seven-headed hydra.
The seven-headed hydra is almost dead.
You hit the seven-headed hydra. You burn the seven-headed hydra.
The seven-headed hydra is almost dead.
You block the seven-headed hydra's attack.
The seven-headed hydra bites you.
* * * LOW HITPOINT WARNING * * *
The seven-headed hydra misses you. The seven-headed hydra bites you!
* * * LOW HITPOINT WARNING * * *
You block the seven-headed hydra's attack.
The seven-headed hydra bites you.
* * * LOW HITPOINT WARNING * * *
The seven-headed hydra bites you.
You die...

#..............
#........######
..#####........#
...............#
...............#
..#####........##
#[...........
#)[..........
#@.#####..###
#.D# ..# ...# ..#
....# .# ###...
#.... #..## #..#


You could see a seven-headed hydra.

Vanquished Creatures
  Josephine (D:10)
  2 catoblepae
  Erica (D:9)
  2 centaur warriors
  A death knight (D:10)
  2 two-headed ogres (D:10)
  Pikel (D:4)
  3 cyclopes
  An orc knight (D:12)
  A harpy (shapeshifter) (D:11)
  A manticore (D:11)
  Maurice (D:11)
  A gargoyle (D:11)
  6 centaur skeletons
  A tengu conjurer (D:10)
  A komodo dragon (D:8)
  A troll (D:12)
  The ghost of Galewind the Magician, a novice AvFE (D:5)
  Prince Ribbit (D:6)
  A hornet (D:10)
  A hippogriff (D:11)
  Sigmund (D:4)
  A wyvern (D:8)
  5 wraiths (D:10)
  6 yaks
  A vampire (D:11)
  A hungry ghost (D:11)
  4 vampire mosquitoes (D:10)
  2 wargs
  Edmund (D:4)
  A crocodile (D:8)
  2 sky beasts
  2 slaves (D:4)
  2 eyes of draining
  3 black bears
  A necrophage (D:6)
  8 orc warriors
  A hornet zombie (D:11)
  5 ice beasts
  5 ogres
  A phantom (D:8)
  8 centaurs
  2 big kobolds
  6 bullfrogs
  2 water moccasin skeletons
  4 scorpions
  A wyvern skeleton (D:6)
  15 killer bees
  6 wights
  4 howler monkeys
  6 crimson imps
  3 centaur zombies
  3 bullfrog zombies
  10 hounds
  5 jellies
  6 orc priests
  10 orc wizards
  3 iguanas
  5 worker ants
  2 hound skeletons
  7 adders
  10 gnolls
  A hound simulacrum (D:5)
  2 shadow imps
  A howler monkey simulacrum (D:5)
  A white imp (D:5)
  An adder skeleton (D:8)
  An adder zombie (D:7)
  5 worms
  2 dart slugs
  2 adder simulacra (D:5)
  4 leopard geckos
  52 orcs
  2 giant cockroaches
  5 goblins
  12 hobgoblins
  10 jackals
  6 quokkas
  A ball python (D:1)
  6 bats
  2 frilled lizards (D:2)
  A jackal zombie (D:8)
  11 kobolds
  A quokka simulacrum (D:5)
  4 rats
  A spectral orc (D:5)
336 creatures vanquished.

Vanquished Creatures (others)
  A centaur skeleton (D:9)
  An orc wizard (D:7)
  An orc (D:9)
  3 plants (D:8)
6 creatures vanquished.

Grand Total: 342 creatures vanquished

Notes
Turn   | Place    | Note
-------+----------+-------------------------------------------
     0 | D:1      | dobroeutro the Gargoyle Fighter began the quest for the
                  | Orb.
     0 | D:1      | Reached XP level 1. HP: 14/14 MP: 1/1
   145 | D:1      | Reached XP level 2. HP: 16/19 MP: 2/2
   373 | D:1      | Reached skill level 3 in Maces & Flails
   920 | D:1      | Reached XP level 3. HP: 14/23 MP: 3/3
  1421 | D:2      | Reached skill level 4 in Maces & Flails
  1421 | D:2      | Reached XP level 4. HP: 23/28 MP: 4/4
  1510 | D:2      | Found a corrupted altar of Lugonu.
  1526 | D:2      | Found a faded altar of an unknown god.
  2575 | D:2      | Reached skill level 5 in Maces & Flails
  2643 | D:2      | Reached XP level 5. HP: 14/32 MP: 5/5
  3321 | D:3      | Reached skill level 6 in Maces & Flails
  3321 | D:3      | Reached XP level 6. HP: 5/37 MP: 6/6
  3328 | D:3      | Found a stormy altar of Qazlal.
  3870 | D:4      | Noticed Edmund
  3881 | D:4      | Killed Edmund
  3881 | D:4      | Reached skill level 7 in Maces & Flails
  3977 | D:4      | Noticed Sigmund
  4004 | D:4      | Killed Sigmund
  4004 | D:4      | Reached XP level 7. HP: 31/41 MP: 7/7
  4140 | D:4      | Found a bloodstained altar of Trog.
  4294 | D:4      | Noticed Pikel
  4295 | D:4      | Reached skill level 8 in Maces & Flails
  4316 | D:4      | Killed Pikel
  4316 | D:4      | Reached skill level 9 in Maces & Flails
  4316 | D:4      | Reached XP level 8. HP: 15/46 MP: 8/8
  4538 | D:4      | Found Pumoint's Book Boutique.
  4712 | D:4      | Found an ancient bone altar of Kikubaaqudgha.
  4880 | D:5      | Entered Level 5 of the Dungeon
  4908 | D:5      | Reached skill level 10 in Maces & Flails
  4958 | D:5      | Noticed Galewind's ghost (novice AvFE)
  4983 | D:5      | Noticed a yak
  5003 | D:5      | Killed a yak
  5032 | D:5      | Reached skill level 1 in Dodging
  5209 | D:5      | Found a runed translucent gate.
  5210 | D:5      | Found a runed translucent gate.
  5211 | D:5      | Found a runed translucent gate.
  5262 | D:5      | Found an iron altar of Okawaru.
  5543 | D:5      | Found a basalt altar of Yredelemnul.
  5748 | D:5      | Reached XP level 9. HP: 52/52 MP: 9/9
  6123 | D:5      | Killed Galewind's ghost
  6131 | D:5      | Got a shimmering whip
  6132 | D:5      | Identified the +0 whip of the Enchanted Forest {slash, MP+9
                  | Str+4} (You found it on level 5 of the Dungeon)
  6342 | D:5      | Became a worshipper of Warmaster Okawaru
  6566 | D:6      | Reached skill level 5 in Fighting
  6604 | D:6      | Found a white marble altar of Elyvilon.
  6621 | D:6      | Reached skill level 5 in Armour
  6621 | D:6      | Reached skill level 5 in Shields
  6703 | D:6      | Found a glowing golden altar of the Shining One.
  6834 | D:6      | Found Xeilut's Assorted Antiques.
  6956 | D:6      | Noticed Prince Ribbit
  6999 | D:6      | Killed Prince Ribbit
  6999 | D:6      | Reached * piety under Okawaru
  7303 | D:7      | Noticed a catoblepas
  7350 | D:7      | Found a staircase to the Ecumenical Temple.
  7548 | D:7      | Found a shimmering blue altar of Sif Muna.
  7610 | D:7      | Reached skill level 11 in Maces & Flails
  7610 | D:7      | Reached XP level 10. HP: 60/60 MP: 10/10
  7748 | D:7      | Demolished by a catoblepas
  7749 | D:7      | Reached XP level 9. HP: -15/55 MP: 17/18
  7790 | D:7      | Killed a catoblepas
  7790 | D:7      | Reached ** piety under Okawaru
  8039 | D:7      | Found a radiant altar of Vehumet.
  8472 | D:8      | Reached *** piety under Okawaru
  8612 | D:8      | Reached XP level 10. HP: 61/61 MP: 10/10
  9064 | D:8      | Found a staircase to the Lair.
  9301 | D:9      | Noticed Erica
  9356 | D:9      | Killed Erica
  9466 | D:9      | Found a bloodstained altar of Trog.
  9467 | D:9      | Found a hazy altar of Hepliaklqana.
  9504 | D:9      | Found a glowing silver altar of Zin.
  9541 | D:9      | Found an opulent altar of Gozag.
  9677 | D:9      | Reached **** piety under Okawaru
  9689 | D:9      | Reached skill level 5 in Dodging
  9810 | D:9      | Found a radiant altar of Vehumet.
  9898 | D:9      | Found a staircase to the Orcish Mines.
 10503 | D:9      | Found a burning altar of Makhleb.
 10573 | D:10     | Entered Level 10 of the Dungeon
 10609 | D:10     | Found Osiefeid's Antique Armour Boutique.
 10639 | D:10     | Noticed a death knight
 10656 | D:10     | Reached XP level 11. HP: 68/68 MP: 11/11
 10691 | D:10     | Noticed a cyclops
 10694 | D:10     | HP: 3/68 [death knight/+1 vampiric battleaxe (14)]
 10695 | D:10     | Slain by a cyclops
 10696 | D:10     | Reached XP level 10. HP: 0/64 MP: 19/19
 10717 | D:10     | Killed a death knight
 10717 | D:10     | Reached ***** piety under Okawaru
 10717 | D:10     | Received a gift from Okawaru
 10718 | D:10     | Got a slimy fustibalus {god gift}
 10726 | D:10     | Gained mutation: You have a somewhat thin skeletal
                  | structure. (Dex +2, Stealth) [potion of mutation]
 10726 | D:10     | Gained mutation: You are dopey. (Int -2) [potion of
                  | mutation]
 10726 | D:10     | Gained mutation: Your movements are slightly less
                  | encumbered by armour. (ER -2) [potion of mutation]
 10761 | D:10     | Killed a cyclops
 10761 | D:10     | Reached skill level 12 in Maces & Flails
 10816 | D:10     | Noticed a two-headed ogre
 10849 | D:10     | Killed a two-headed ogre
 11003 | D:10     | Noticed a two-headed ogre
 11015 | D:10     | Killed a two-headed ogre
 11015 | D:10     | Received a gift from Okawaru
 11015 | D:10     | Reached XP level 11. HP: 55/69 MP: 11/11
 11018 | D:10     | Got a buzzing shortbow {god gift}
 11173 | D:10     | Noticed Josephine
 11210 | D:10     | Killed Josephine
 11685 | D:10     | Got a crude falchion
 12226 | D:10     | Noticed a centaur warrior
 12238 | D:10     | Killed a centaur warrior
 12359 | D:11     | Noticed a centaur warrior
 12376 | D:11     | Killed a centaur warrior
 12450 | D:11     | Noticed a catoblepas
 12478 | D:11     | Killed a catoblepas
 12478 | D:11     | Reached ****** piety under Okawaru
 12654 | D:11     | Reached XP level 12. HP: 75/77 MP: 12/12
 12663 | D:11     | Reached skill level 10 in Fighting
 12674 | D:11     | Reached skill level 10 in Armour
 12717 | D:11     | Received a gift from Okawaru
 12986 | D:11     | Reached skill level 13 in Maces & Flails
 13307 | D:11     | Noticed Maurice
 13418 | D:11     | Killed Maurice
 13576 | D:12     | Entered Level 12 of the Dungeon
 13760 | D:12     | Received a gift from Okawaru
 13767 | D:12     | Noticed a seven-headed hydra
 13837 | D:12     | HP: 2/79 [seven-headed hydra (6)]
 13837 | D:12     | Slain by a seven-headed hydra

Skill      XL: |  1  2  3  4  5  6  7  8  9 10 11 12 |
---------------+-------------------------------------+-----
Maces & Flails | 3 4 5 6 7 9 10 11 12 13 | 13.2
Dodging        | 1 4 6 7 |  7.7
Fighting       | 4 5 8 9 10 | 10.6
Armour         | 4 5 8 9 10 | 10.5
Shields        | 4 6 |  6.8

Action                   |  1- 3 |  4- 6 |  7- 9 | 10-12 || total
-------------------------+-------+-------+-------+-------++-------
Melee: Flail             |   159 |   327 |   214 |       ||   700
       Whip              |       |       |   359 |  1485 ||  1844
Invok: Heroism           |       |       |       |     7 ||     7
  Use: Potion            |       |     5 |     2 |     3 ||    10
       Scroll            |       |       |     7 |     3 ||    10
 Stab: Invisible         |       |     1 |       |       ||     1
       Petrified         |       |       |       |     4 ||     4
       Confused          |       |       |       |     1 ||     1
  Eat: Chunk             |     7 |    17 |    23 |    36 ||    83
       Ration            |       |     1 |       |       ||     1
Armor: Scale mail        |   132 |   247 |   229 |   527 ||  1135
       Skin              |       |       |     7 |       ||     7
Dodge: Dodged            |    47 |    88 |   109 |   504 ||   748
Block: Medium shield     |    96 |   219 |   226 |   632 ||  1173
